 Dungeon Crawl Stone Soup version 0.30.0-29-ga12c61a403 (webtiles) character file.

Game seed: 458253899372792125

12573 cheesebisquit the Summoner (level 11, -11/63 HPs)
             Began as a Tengu Summoner on June 16, 2023.
             Was an Elder of Sif Muna.
             Mangled by a large slime creature (36 damage)
             ... on level 11 of the Dungeon.
             The game lasted 01:02:08 (12736 turns).

cheesebisquit the Summoner (Tengu Summoner)        Turns: 12736, Time: 01:02:08

Health: -11/63     AC:  9    Str: 14 (15) XL:     11   Next: 95%
Magic:  2/19       EV: 21    Int: 17 (18) God:    Sif Muna [****..]
Gold:   304        SH: 13    Dex: 11      Spells: 6/18 levels left

rFire   + + .        S - +1 trident "Redinuh" {heavy, rPois rCorr}
rCold   . . .        N - +3 kite shield
rNeg    + . .        q - +0 robe of Prudence {rF+ rN+ Will+ rCorr}
rPois   +            (helmet restricted)
rElec   .            (no cloak)
rCorr   +            B - +2 pair of gloves {Str+3}
SInv    .            (boots unavailable)
Will    +....        K - amulet "Erghyakae" {Acrobat rF+ Regen+ Dex-4}
Stlth   ++           t - +4 ring of protection
HPRegen 1.10/turn    x - +5 ring of evasion
MPRegen 0.16/turn

%: acrobat
@: flying quickly and evasively, unable to drink, quick
A: beak, talons 3, nimble flight, deterioration 1, high MP 1, strong 1,
inability to drink after injury 1
a: Renounce Religion, Channel Magic, Forget Spell, Divine Exegesis


You were on level 11 of the Dungeon.
You worshipped Sif Muna.
Sif Muna was greatly pleased with you.
You visited 2 branches of the dungeon, and saw 12 of its levels.
You also visited: Sewer.

You collected 752 gold pieces.
You spent 448 gold pieces at shops.

Inventory:

Hand Weapons
 d - a +0 dagger
 e - a +3 great sword of freezing
 f - a +1 heavy war axe
 M - a +1 glaive of freezing
 S - the +1 trident "Redinuh" (weapon) {heavy, rPois rCorr}
   (You found it on level 9 of the Dungeon)

   rPois:     It protects you from poison.
   rCorr:     It protects you from acid and corrosion.
Missiles
 i - 21 boomerangs
 j - 25 poisoned darts
 A - a throwing net
 C - 3 boomerangs of dispersal
 O - 5 curare-tipped darts
Armour
 q - the +0 robe of Prudence (worn) {rF+ rN+ Will+ rCorr}
   (You found it on level 3 of the Dungeon)

   rF:        It protects you from fire.
   rN:        It protects you from negative energy.
   rCorr:     It protects you from acid and corrosion.
   Will:      It increases your willpower.
 B - a +2 pair of gloves of strength (worn)
 I - a +0 leather armour of fire resistance
 J - a +2 robe of positive energy
 N - a +3 kite shield (worn)
 R - a +1 chain mail of willpower
Jewellery
 o - a ring of fire
 t - a +4 ring of protection (left hand)
 x - a +5 ring of evasion (right hand)
 H - a +6 ring of intelligence
 K - the amulet "Erghyakae" (around neck) {Acrobat rF+ Regen+ Dex-4}
   (You found it on level 7 of the Dungeon)

   [amulet of the acrobat]

   It increases your evasion while moving and waiting.
   Dex:       It affects your dexterity (-4).
   rF:        It protects you from fire.
   Regen:     It increases your rate of health regeneration.
 P - a +6 ring of strength
 Q - a ring of magical power
Wands
 r - a wand of flame (32)
 D - a wand of polymorph (6)
 F - a wand of acid (11)
 T - a wand of charming (5)
Scrolls
 g - 5 scrolls of teleportation
 h - 5 scrolls of blinking
 k - 2 scrolls of fog
 l - 2 scrolls of immolation
 m - 3 scrolls of fear
 u - a scroll of torment
 y - a scroll of amnesia
 z - 3 scrolls of vulnerability
 E - 4 scrolls of magic mapping
 L - 2 scrolls of enchant weapon
 U - a scroll of butterflies
Potions
 a - 2 potions of brilliance
 b - a potion of magic
 c - a potion of haste
 n - a potion of attraction
 p - 3 potions of curing
 s - a potion of heal wounds
 v - 3 potions of might
 w - 2 potions of flight
 G - 2 potions of cancellation


   Skills:
 - Level 5.0 Fighting
 - Level 8.0 Dodging
 - Level 2.0 Stealth
 + Level 9.2 Shields
 - Level 4.0 Spellcasting
 - Level 5.0 Hexes
 - Level 10.8 Summonings
 - Level 7.0 Air Magic
 - Level 5.8 Invocations


You had 6 spell levels left.
You knew the following spells:

 Your Spells              Type           Power      Damage    Failure   Level
b - Call Imp              Summ           80%        N/A       1%          2
c - Call Canine Familiar  Summ           40%        N/A       1%          3
d - Summon Guardian Gole  Hex/Summ       30%        N/A       4%          3
e - Summon Lightning Spi  Summ/Air       33%        N/A       10%         4

Your spell library contained the following spells:

 Spells                   Type           Power      Damage    Failure   Level
 Summon Small Mammal      Summ           100%       N/A       1%          1
 Beastly Appendage        Tmut           6%         N/A       36%         1
 Dazzling Flash           Conj/Hex       22%        N/A       38%         3
 Inner Flame              Hex/Fire       11%        N/A       38%         3
 Sublimation of Blood     Necr           3%         N/A       50%         2
 Hailstorm                Conj/Ice       3%         3d3       75%         3
 Spider Form              Tmut/Pois      3%         N/A       75%         3
 Volatile Blastmotes      Fire/Tloc      6%         2d10      75%         3
 Flame Wave               Conj/Fire      3%         2d5       98%         4
 Ice Form                 Ice/Tmut       3%         N/A       98%         4
 Iskenderun's Mystic Bla  Conj/Tloc      3%         2d3       98%         4
 Petrify                  Tmut/Erth      3%         N/A       98%         4
 Sticky Flame             Conj/Fire      3%         2d3       98%         4
 Irradiate                Conj/Tmut      1%         3d12      100%        5
 Simulacrum               Ice/Necr       1%         N/A       100%        6
 Starburst                Conj/Fire      1%         6d3       100%        6


Dungeon Overview and Level Annotations

Branches:
Dungeon (11/15)            Temple (1/1) D:4            Lair (0/5) D:11
    Orc (0/2) D:9           Sewer (visited)

Altars:
Ashenzari
Cheibriados
Dithmenos
Elyvilon
Fedhas
Gozag
Hepliaklqana
Kikubaaqudgha
Makhleb
Nemelex Xobeh
Okawaru
Qazlal
Ru
Sif Muna
Trog
Uskayaw
Vehumet
Wu Jian
Xom
Yredelemnul
Zin
The Shining One

Shops:
D:1 *   D:4 =   D:5 :   D:6 :   D:9 ?[(

Annotations:
D:7 1 runed translucent door, 2 transporters, safid's ghost, amateur MfIE
D:8 2 transporters, nroviw's ghost, novice MiMo
D:9 2 transporters
D:10 2 runed translucent doors
D:11 exclusion: oklob sapling


Innate Abilities, Weirdness & Mutations

You have a beak for a mouth.
You have claws for feet.
Your magical nature lets you fly swiftly and evasively.
Your body sometimes deteriorates upon taking damage.
You have an increased reservoir of magic. (+10% MP)
Your muscles are strong. (Str +4, Int/Dex -1)
You occasionally lose the ability to drink potions when taking damage.


Message History

Your hound bites the large slime creature.
Two slime creatures merge to form a large slime creature.
A large slime creature splits.
The slime creature is engulfed in blazing flames.
The slime creature dies!
Sif Muna accepts your kill. You block the slime creature's attack.
Your hound bites the slime creature.
The large slime creature is engulfed in blazing flames.
The large slime creature hits your guardian golem!!
Your Shields skill increases to level 9!
You barely miss the slime creature. Your kick misses the slime creature.
The slime creature is heavily wounded.
Your hound barely misses the slime creature.
You block the slime creature's attack.
Your hound barely misses the slime creature.
Your guardian golem overheats!
The large slime creature is engulfed in blazing flames.
The large slime creature hits your guardian golem!
Your guardian golem disappears in a puff of smoke!
Your guardian golem explodes!
The fiery explosion engulfs the large slime creature!
You block the slime creature's attack.
Your hound bites the slime creature.
The slime creature hits you!
The slime creature hits you but does no damage.
The large slime creature is engulfed in blazing flames.
Casting: Call Canine Familiar (safe; 1% risk of failure)
Confirm with . or Enter, or press ? or * to list all spells.
You don't have enough magic to cast this spell.
You hit the slime creature. You peck the slime creature.
The slime creature is severely wounded.
Your hound barely misses the slime creature.
Your hound bites the slime creature.
The slime creature hits you!
Your body deteriorates!
You feel dopey. The slime creature barely misses you.
Your hound bites the slime creature.
The slime creature hits you!
You feel threatened and lose the ability to drink potions!
The large slime creature is engulfed in blazing flames.
The large slime creature hits you!!!
Ouch! That really hurt!
You die...

#'##...... ######......#
.......... ......#....†.#
.....#####
#.....#^..)..####### ..§###
.....#..))......... ...#
....#............. .###
...#............. .#
#..#............. .#
#hJ+............. .#
#J@#............. .+
+○J#............# .#
##.#............# .#
#○#............
.####++#########.#.####'##....
.................#.# ..#....
.................#.# ..+ ...
..........$......#.## ..# ..
.................#..# .#


You could see a large slime creature, 2 slime creatures and a friendly hound
(summoned).

Vanquished Creatures
  A cyclops (D:11)
  5 yaks
  Eustachio (D:6)
  A water moccasin (D:8)
  2 sky beasts (D:7)
  2 bullfrogs
  A scorpion (D:3)
  7 wights
  A howler monkey (D:8)
  A hound (D:6)
  A jelly (D:5)
  4 orc wizards
  A gnoll (D:8)
  5 adders
  2 white imps
  An ufetubus (D:3)
  A worm (D:3)
  9 orcs
  2 bats (D:1)
  An endoplasm (D:2)
  3 giant cockroaches
  A goblin (D:2)
  A hobgoblin (D:2)
  A jackal (D:2)
  2 ball pythons
  A frilled lizard (D:3)
  A kobold (D:2)
  A rat (D:2)
60 creatures vanquished.

Vanquished Creatures (collateral kills)
  An ugly thing (D:11)
  A manticore (D:11)
  A kobold demonologist (D:11)
  A hornet (D:11)
  2 slime creatures (D:10)
  2 wyverns (D:10)
  6 yaks
  2 steam dragons (D:6)
  3 water moccasins
  3 orc warriors
  A black bear (D:4)
  A centaur (D:7)
  A gnoll sergeant (D:9)
  A kobold brigand (D:7)
  A bullfrog (D:8)
  2 scorpions
  5 wights
  2 howler monkeys (D:9)
  3 hounds
  A sleepcap (D:5)
  Jessica (D:2)
  An iguana (D:5)
  8 orc wizards
  4 gnolls
  13 adders
  A white imp (D:5)
  An ufetubus (D:7)
  A worm (D:5)
  A dart slug (D:3)
  22 orcs
  15 ball pythons
  7 endoplasms
  7 giant cockroaches
  4 goblins
  3 hobgoblins
  3 jackals (D:2)
  5 quokkas
  A bat (D:2)
  11 frilled lizards
  A goblin zombie (D:7)
  12 kobolds
  6 rats
168 creatures vanquished.

Vanquished Creatures (others)
  2 two-headed ogres
  A cyclops (D:11)
  2 trolls
  A hornet (D:11)
  5 slime creatures
  12 yaks
  4 orc warriors
  2 wights (D:10)
  An orc priest (D:9)
  3 orcs
  2 kobolds (D:11)
35 creatures vanquished.

Grand Total: 263 creatures vanquished

Notes
Turn   | Place    | Note
-------+----------+-------------------------------------------
     0 | D:1      | cheesebisquit the Tengu Summoner began the quest for the
                  | Orb.
     0 | D:1      | Reached XP level 1. HP: 10/10 MP: 4/4
    41 | D:1      | Found Aroqoeci's Assorted Antiques.
   107 | D:1      | Found a faded altar of an unknown god.
   236 | D:1      | Reached skill level 5 in Summonings
   302 | D:1      | Reached XP level 2. HP: 15/15 MP: 1/6
   633 | D:2      | Gained mutation: Your body sometimes deteriorates upon
                  | taking damage. [potion of mutation]
   633 | D:2      | Gained mutation: Your muscles are strong. (Str +4, Int/Dex
                  | -1) [potion of mutation]
   633 | D:2      | Gained mutation: You occasionally lose the ability to drink
                  | potions when taking damage. [potion of mutation]
   633 | D:2      | Gained mutation: You have an increased reservoir of magic.
                  | (+10% MP) [potion of mutation]
   643 | D:2      | Reached XP level 3. HP: 10/19 MP: 3/8
   753 | D:1      | Learned a level 2 spell: Call Imp
   757 | D:1      | Learned a level 3 spell: Call Canine Familiar
   819 | D:2      | Noticed Jessica
   822 | D:2      | Killed Jessica
   823 | D:2      | Reached XP level 4. HP: 24/24 MP: 4/10
   827 | D:2      | Learned a level 3 spell: Summon Guardian Golem
  1057 | D:2      | Reached skill level 6 in Summonings
  1410 | D:3      | Found a hazy altar of Hepliaklqana.
  1448 | D:3      | Found a glowing drain.
  1487 | Sewer    | Entered a sewer
  1540 | Sewer    | Gained mutation: Your magical nature lets you fly swiftly
                  | and evasively. [Tengu growth]
  1540 | Sewer    | Reached XP level 5. HP: 28/28 MP: 4/12
  1916 | Sewer    | Reached skill level 7 in Summonings
  1916 | Sewer    | Reached XP level 6. HP: 33/33 MP: 8/14
  2176 | D:3      | Reached skill level 1 in Fighting
  2262 | D:3      | Identified the +0 robe of Prudence {rF+ rN+ Will+ rCorr}
  2521 | D:1      | Bought a scroll of identify for 56 gold pieces
  2521 | D:1      | Bought a scroll of identify for 56 gold pieces
  2521 | D:1      | Bought a scroll of identify for 56 gold pieces
  2595 | D:4      | Found a staircase to the Ecumenical Temple.
  2612 | Temple   | Entered the Ecumenical Temple
  2796 | D:4      | Found Utzij's Jewellery Boutique.
  2974 | D:4      | Noticed a black bear
  2982 | D:4      | Killed a black bear
  2983 | D:4      | Reached XP level 7. HP: 28/40 MP: 9/15
  3126 | D:4      | Found an opulent altar of Gozag.
  3351 | D:4      | Found a shimmering blue altar of Sif Muna.
  3355 | D:4      | Became a worshipper of Sif Muna the Loreminder
  3712 | D:5      | Entered Level 5 of the Dungeon
  3746 | D:5      | Found Xubbinurr's Book Shop.
  3998 | D:5      | Learned a level 4 spell: Summon Lightning Spire
  4121 | D:5      | Found an ornate altar of the Wu Jian Council.
  4122 | D:5      | Found a white marble altar of Elyvilon.
  4195 | D:5      | Found a blossoming altar of Fedhas.
  4233 | D:5      | Found a snail-covered altar of Cheibriados.
  4445 | D:5      | Reached skill level 5 in Dodging
  4996 | D:6      | Found Nyin's Tremendous Tomes.
  5285 | D:6      | Noticed a steam dragon
  5328 | D:6      | Reached XP level 8. HP: 48/48 MP: 14/16
  5393 | D:6      | Noticed Eustachio
  5417 | D:6      | Killed Eustachio
  5534 | D:6      | Reached skill level 5 in Fighting
  6190 | D:7      | Identified the amulet "Erghyakae" {Acrobat rF+ Regen+
                  | Dex-4}
  6329 | D:7      | Found a runed translucent door.
  6332 | D:7      | Found a basalt altar of Yredelemnul.
  6485 | D:7      | Reached * piety under Sif Muna
  6515 | D:7      | Reached skill level 5 in Air Magic
  6515 | D:7      | Reached XP level 9. HP: 54/54 MP: 6/17
  6642 | D:7      | Found a stormy altar of Qazlal.
  6839 | D:7      | Found a transporter.
  6851 | D:7      | Noticed safid's ghost (amateur MfIE)
  6853 | D:7      | Found a transporter.
  6855 | D:7      | Noticed a cyclops
  7285 | D:8      | Reached skill level 1 in Hexes
  7523 | D:8      | Noticed nroviw's ghost (novice MiMo)
  7537 | D:8      | Found a transporter.
  7589 | D:8      | Found a transporter.
  7644 | D:8      | Reached skill level 1 in Invocations
  7941 | D:8      | Reached skill level 8 in Summonings
  8162 | D:9      | Noticed a two-headed ogre
  8316 | D:8      | Killed a two-headed ogre
  8317 | D:8      | Reached skill level 9 in Summonings
  8317 | D:8      | Reached XP level 10. HP: 59/59 MP: 7/18
  8640 | D:8      | Reached ** piety under Sif Muna
  8859 | D:9      | Noticed a two-headed ogre
  8866 | D:9      | Killed a two-headed ogre
  9190 | D:9      | Found Ullebu Uxzui's Armour Boutique.
  9202 | D:9      | Bought a +1 pair of gloves of strength for 280 gold pieces
  9225 | D:9      | Reached skill level 10 in Summonings
  9506 | D:9      | Found a transporter.
  9559 | D:9      | Found Piwn's Weapon Boutique.
  9597 | D:9      | Found a glowing golden altar of the Shining One.
  9690 | D:9      | Identified the +1 trident "Redinuh" {heavy, rPois rCorr}
  9734 | D:9      | Found a transporter.
  9755 | D:9      | Reached skill level 5 in Invocations
  9933 | D:9      | Found Diff's Magic Scroll Shoppe.
  9960 | D:9      | Found a staircase to the Orcish Mines.
 10180 | D:10     | Entered Level 10 of the Dungeon
 10249 | D:10     | Reached skill level 5 in Hexes
 10249 | D:10     | Reached XP level 11. HP: 63/63 MP: 3/19
 10355 | D:10     | Identified the +5 mace of Lies {pain, *Rage rCorr SInv}
 10428 | D:10     | Reached skill level 1 in Shields
 10817 | D:10     | Reached *** piety under Sif Muna
 11125 | D:10     | Found a large runed translucent door.
 11125 | D:10     | Found a large runed translucent door.
 11362 | D:10     | Reached skill level 5 in Shields
 11690 | D:11     | Found a staircase to the Lair.
 11716 | D:11     | Noticed a manticore
 11723 | D:11     | Killed a manticore
 11853 | D:11     | Noticed a cyclops
 11865 | D:11     | Killed a cyclops
 11867 | D:11     | Noticed a white ugly thing
 11880 | D:11     | Killed a white ugly thing
 11962 | D:11     | Noticed a cyclops
 11976 | D:11     | Killed a cyclops
 12187 | D:11     | Paralysed by a hornet for 1 turns
 12512 | D:11     | Got the Compilation of Nature
 12530 | D:11     | Reached **** piety under Sif Muna
 12736 | D:11     | Mangled by a large slime creature

Illustrated notes

Levels and vault maps discovered:
D:1:      eino_arrival_druids_welcome, layout_rooms,
          ebering_ecumenical_altar_ruins, serial_shops, shop
D:2:      layout_rooms, serial_park_tiny_2, minmay_cupped, uniq_jessica
D:3:      layout_rooms, nzn_hepliaklqana_mist_gate, portal_sewer_entry_b
D:4:      layout_basic, nicolae_sif_muna_little_library, grunt_gozag_statues,
          minmay_temple_entry_gardened_gates, serial_shops,
          nicolae_shop_pleasant_corner_grove, minmay_starry_boxes
D:5:      wad_lake_hut, layout_loops_ring, slow_altar_1, kennysheep_little_box,
          gammafunk_temple_overflow_statue, serial_shops, nicolae_diamond_shop,
          serial_bayou_ford_a, corexii_item_surrounded_by_moat,
          kennysheep_generic_room_15
D:6:      layout_basic, serial_co_window_serial, co_window_corner_a,
          co_window_of_opportunity_a, co_window_of_opportunity_a,
          co_window_paths_b, co_window_paths_a, co_window_paths_b,
          co_window_corner_a, co_window_corner_a, co_window_of_opportunity_a,
          co_window_of_opportunity_c, co_window_of_opportunity_b,
          co_window_of_opportunity_b, co_window_of_opportunity_b,
          co_window_paths_d, co_window_4corner_a, glass_columns_b,
          hangedman_decor_opposing, corner_web_ring,
          nicolae_shop_i_like_big_books, uniq_eustachio
D:7:      layout_cave_pods, dk_yredelemnul_ordeal,
          nicolae_qazlal_beasts_of_the_sky, gammafunk_ghost_arena
D:8:      layout_loops_ring, gammafunk_ghost_stat_death
D:9:      gammafunk_cloud_chamber, layout_basic, mainiacjoe_overflow_paths,
          orc_0_dummy, serial_shops, nicolae_shop_rolling_square,
          nicolae_square_shop, nicolae_shop_tiny_waterfront, item_on_display_b
D:10:     layout_grid_maze, lightli_elemental_guards
D:11:     layout_irregular_city, lair_entry_dummy, gauntlet_entry_generic,
          hangedman_abyss_or_decor_stabs, introduction_to_nature_2
Temple:   nicolae_temple_x_marks_the_god

Skill      XL: |  1  2  3  4  5  6  7  8  9 10 11 |
---------------+----------------------------------+-----
Summonings     | 5 6 7 9 10 | 10.8
Spellcasting   | 3 4 |  4.0
Fighting       | 2 4 5 |  5.0
Dodging        | 3 5 8 |  8.0
Air Magic      | 5 7 |  7.0
Hexes          | 3 5 |  5.0
Invocations    | 3 5 |  5.8
Shields        | 9 |  9.2
Stealth        | |  2.0

Action                     |  1- 3 |  4- 6 |  7- 9 | 10-12 || total
---------------------------+-------+-------+-------+-------++-------
  Melee: Halberd           |    24 |    29 |       |       ||    53
         Kick              |     4 |     4 |    21 |    24 ||    53
         Peck              |     2 |     6 |    12 |    13 ||    33
         War axe           |       |    13 |    58 |       ||    71
         Punch             |       |     1 |     1 |       ||     2
         Great sword       |       |       |    15 |    19 ||    34
         Glaive            |       |       |    12 |       ||    12
         Trident           |       |       |       |    67 ||    67
   Cast: Summon Small Mamm |    29 |    24 |    25 |       ||    78
         Call Imp          |     2 |    15 |    39 |    33 ||    89
         Call Canine Famil |       |    17 |    42 |    46 ||   105
         Summon Guardian G |       |       |     5 |    51 ||    56
         Summon Lightning  |       |       |       |    10 ||    10
    Use: Potion            |     2 |       |     1 |     1 ||     4
         Scroll            |       |    10 |    11 |     6 ||    27
   Stab: Distracted        |     1 |     2 |     1 |       ||     4
 Armour: Robe              |     9 |    10 |    22 |    23 ||    64
  Dodge: Dodged            |    26 |    27 |   152 |   155 ||   360
  Block: Kite shield       |       |       |       |    68 ||    68
